 Dungeon Crawl Stone Soup version 0.29-a0-321-gf1c400731a (webtiles) character file.

Game seed: 18041880862485038527

86 Thrax the Covered (level 4, -1/29 HPs)
             Began as a Gargoyle Fighter on Apr 3, 2022.
             Slain by Robin
             ... wielding a +2 spear of flaming
              (2 damage)
             ... on level 2 of the Dungeon.
             The game lasted 00:02:27 (1786 turns).

Thrax the Covered (Gargoyle Fighter)                Turns: 1786, Time: 00:02:29

Health: -1/29      AC: 10    Str: 20    XL:     4   Next: 49%
Magic:  4/4        EV:  9    Int: 10    God:
Gold:   92         SH:  4    Dex:  9    Spells: 3/3 levels left

rFire   . . .      SeeInvis .   a - +0 flail
rCold   . . .      Faith    .   c - +0 buckler
rNeg    + . .      Spirit   .   b - +0 scale mail
rPois   ∞          Reflect  .   (no helmet)
rElec   +          Harm     .   (no cloak)
rCorr   .          Rampage  .   (no gloves)
Will    .....                   (no boots)
Stlth   ..........              (no amulet)
HPRegen 0.09/turn               (no ring)
MPRegen 0.09/turn               (no ring)

@: no status effects
A: sickness immunity, AC +3, negative energy resistance 1, electricity
resistance, torment resistance 1, petrification resistance
a: no special abilities


You were on level 2 of the Dungeon.
You visited 1 branch of the dungeon, and saw 2 of its levels.

You collected 92 gold pieces.

Inventory:

Hand Weapons
 a - a +0 flail (weapon)
Armour
 b - a +0 scale mail (worn)
 c - a +0 buckler (worn)
Jewellery
 o - an amulet of magic regeneration
Scrolls
 e - 2 scrolls of fear {unknown}
 f - a scroll of amnesia {unknown}
 g - 2 scrolls of enchant weapon {unknown}
 l - a scroll of magic mapping {unknown}
 m - 2 scrolls of identify {unknown}
 n - 2 scrolls of teleportation {unknown}
 p - a scroll of immolation {unknown}
 q - a scroll of enchant armour {unknown}
 s - a scroll of vulnerability {unknown}
 t - a scroll of noise {unknown}
Potions
 d - a potion of might
 h - a potion of mutation {unknown}
 i - a potion of haste {unknown}
 j - a potion of flight {unknown}
 k - 2 potions of curing {unknown}
 r - a potion of resistance {unknown}


   Skills:
 + Level 3.7 Fighting
 + Level 3.3 Maces & Flails
 + Level 3.9 Armour
 + Level 3.8 Shields


You had 3 spell levels left.
You didn't know any spells.
Your spell library contained the following spells:

 Spells                   Type           Power      Damage    Failure   Level
 Corpse Rot               Necr/Air       0%         N/A       91%         2
 Dispel Undead            Necr           0%         3d6       100%        4
 Death Channel            Necr           0%         N/A       100%        6


Dungeon Overview and Level Annotations

Branches:
Dungeon (2/15)

Altars:

Annotations:
D:2 Robin


Innate Abilities, Weirdness & Mutations

You are immune to sickness and miasma.
Your stone body is resilient. (AC +3)
You are immune to poison.
You resist negative energy. (rN+)
You are resistant to electric shocks. (rElec)
You are resistant to unholy torment.
You are immune to petrification.


Message History

The hobgoblin closely misses you.
You hit the hobgoblin.
The hobgoblin is severely wounded.
Robin hits you from afar with a +2 spear of flaming.
Robin burns you.
The hobgoblin hits you but does no damage.
You hit the hobgoblin.
You kill the hobgoblin!
Robin hits you but does no damage. You block Robin's attack.
Items here: ))) ††.
You hit Robin.
Robin is moderately wounded.
Robin closely misses you.
You hit Robin.
Robin is severely wounded.
You block Robin's attack.
The endoplasm jiggles.
Robin hits you but does no damage.
You hit Robin but do no damage.
Robin is severely wounded.
Robin hits you with a +2 spear of flaming.
* * * LOW HITPOINT WARNING * * *
Robin burns you.
* * * LOW HITPOINT WARNING * * *
You hit Robin but do no damage.
Robin is severely wounded.
Robin says, "Bow before me, strongest of all the hobgoblins!"
Robin barely misses you.
You hit Robin.
Robin is almost dead.
Robin hits you but does no damage.
You hit Robin but do no damage.
Robin is almost dead.
Robin hits you with a +2 spear of flaming.
* * * LOW HITPOINT WARNING * * *
Robin burns you.
* * * LOW HITPOINT WARNING * * *
Robin hits you with a +2 spear of flaming.
You die...

.........#......#.# ..#
......#.............
......#.##.......###
........##.......#
.........#.....###
..<........#..##
.....>.#.#.....#
.........##.##.#########
..............gg@))....#
..............J#########
#######....#...##
#######......#..########
................g..g..g######
#########.......ggggg.J..gg..
###........##....$..g
#†.......######.g..
#........# ...


You could see Robin, an endoplasm and a hobgoblin (strong).

Vanquished Creatures
  2 adders (D:2)
  3 worms (D:2)
  A dart slug (D:2)
  2 bats (D:2)
  3 endoplasms
  A giant cockroach (D:2)
  14 goblins
  2 hobgoblins
  5 jackals
  2 quokkas (D:1)
  7 ball pythons
  2 frilled lizards (D:1)
  3 kobolds (D:1)
  3 rats
50 creatures vanquished.

Notes
Turn   | Place    | Note
-------+----------+-------------------------------------------
     0 | D:1      | Thrax the Gargoyle Fighter began the quest for the Orb.
     0 | D:1      | Reached XP level 1. HP: 14/14 MP: 1/1
   392 | D:1      | Reached XP level 2. HP: 18/19 MP: 2/2
   859 | D:2      | Reached XP level 3. HP: 24/24 MP: 3/3
  1297 | D:2      | Reached XP level 4. HP: 13/29 MP: 4/4
  1741 | D:2      | Noticed Robin
  1786 | D:2      | HP: 1/29 [Robin/+2 spear of flaming (1)]
  1786 | D:2      | Slain by Robin

Illustrated notes

Levels and vault maps discovered:
D:1:      eino_arrival_cavern_a, layout_basic
D:2:      layout_rooms, shapermc_ecumenical_altar_venn, uniq_robin

Skill      XL: |  1  2  3  4 |
---------------+-------------+-----
Maces & Flails | 3 |  3.3
Fighting       | |  3.7
Armour         | |  3.9
Shields        | |  3.8

Action                   |  1- 3 |  4- 6 || total
-------------------------+-------+-------++-------
Melee: Flail             |   102 |    44 ||   146
Armor: Scale mail        |    60 |    26 ||    86
Dodge: Dodged            |    52 |    19 ||    71
Block: Buckler           |    23 |    13 ||    36

Table legend: (Time is in decaauts)
 A = Elapsed time spent in this place.
 B = Non-inter-level travel time spent in this place.
 C = Inter-level travel time spent in this place.
 D = Time resting spent in this place.
 E = Time spent auto-exploring this place.
 F = Levels seen in this place.
 G = Mean time per level.
                   A        B        C        D        E       F      G
               +--------+--------+--------+--------+--------+-----+--------+
         Total |   1829 |   1811 |     18 |      0 |   1481 |   2 |  914.5 |
       Dungeon |   1829 |   1811 |     18 |      0 |   1481 |   2 |  914.5 |
               +--------+--------+--------+--------+--------+-----+--------+

Top non-repeatable levels by time:
     D:2: 960 daAuts
     D:1: 869 daAuts
